 Dungeon Crawl Stone Soup version 0.14.1-24-gbdbe590 (webtiles) character file.

195 Kenran the Ruffian (level 4, -2/39 HPs)
             Began as a Minotaur Monk on June 20, 2014.
             Slain by Grinder (4 damage)
             ... on Level 3 of the Dungeon.
             The game lasted 00:05:57 (2018 turns).

Kenran the Ruffian (Minotaur Monk)                  Turns: 2018, Time: 00:05:58

HP  -2/39        AC  3     Str 15      XL: 4   Next: 40%
MP   2/2         EV 13     Int  7      God:
Gold 100         SH  0     Dex 14      Spells:  0 memorised,  3 levels left

rFire  . . .     SeeInvis .       - Unarmed
rCold  . . .     Clarity  .     a - +1 robe
rNeg   . . .     Conserve .     (no shield)
rPois  .         rCorr    .     (helmet restricted)
rElec  .         rRot     .     (no cloak)
SustAb . .       Spirit   .     (no gloves)
rMut   .         Warding  .     (no boots)
Saprov . . .     Stasis   .     (no amulet)
MR     .....                    (no ring)
                                (no ring)

@: not resistant to hostile enchantments, fairly stealthy
A: retaliatory headbutt, horns 2
a: no special abilities


You were on level 3 of the Dungeon.
You were not hungry.

You visited 1 branch of the dungeon, and saw 3 of its levels.

You collected 100 gold pieces.

Inventory:

Hand weapons
 p - a +1,+2 sling of frost
Armour
 a - a +1 robe (worn)
 l - a +0 pair of gloves
Comestibles
 b - 2 bread rations
 k - 2 meat rations
 m - 2 chokos
Scrolls
 c - a scroll of enchant armour
 o - a scroll of identify
 q - 4 scrolls of fear
Jewellery
 d - an uncursed ring of poison resistance {unknown}
Potions
 e - 2 potions of invisibility
 g - a potion of confusion {unknown}
 h - a potion of brilliance
 j - a potion of restore abilities {unknown}
 n - a potion of might {unknown}
 r - a potion of mutation {unknown}
Books
 f - a Necronomicon {highlevel, unknown}

   This book is beyond your current level of understanding.

   Spells                             Type                      Level
   Haunt                              Necromancy/Summoning         7
   Borgnjor's Revivification          Necromancy                   8
   Death's Door                       Charms/Necromancy            8
   Necromutation                      Transmutation/Necromancy     8


   Skills:
 - Level 3.6 Fighting
 - Level 3.2 Dodging
 - Level 1.5 Stealth
 + Level 6.5 Unarmed Combat


You had 3 spell levels left.
You didn't know any spells.

Dungeon Overview and Level Annotations

Branches:
Dungeon (3/15)

Altars:
Elyvilon
Nemelex Xobeh
Vehumet

Annotations:
D:3 Grinder


Innate Abilities, Weirdness & Mutations

You reflexively headbutt those who attack you in melee.
You have a pair of horns on your head.


Message History

Drink which item? (? for menu, Esc to quit)
You feel much better.
Grinder zaps a wand.
The magic dart hits you!
You hit Grinder.
Grinder is heavily wounded.
Grinder misses you.
You barely miss Grinder. Your headbutt misses Grinder.
Grinder is heavily wounded.
Grinder gestures.
Grinder blinks!
Grinder gestures at you.
You barely resist.
Grinder zaps a wand.
The magic dart hits you!
Grinder zaps a wand.
The magic dart hits you! Grinder closely misses you.
You hit Grinder.
Grinder is heavily wounded.
Grinder hits you!
* * * LOW HITPOINT WARNING * * *
You writhe in agony.
You die...

...# #.# #........ #...# .### #.#
#....... ##.## .# #...... #.# .#
### #.# .# #.# .# #.# .# #.# .#
.###################.# .#
.......5@............# .#
.##################### .# .####
...)#############################
.................................
....#############################
....# ....#


You could see Grinder.

Vanquished Creatures
  Ijyb (D:2)
  3 adders (D:2)
  A giant mite (D:1)
  2 giant geckos (D:1)
  An ooze (D:1)
  8 bats
  2 giant cockroaches
  4 hobgoblins
  3 jackals (D:3)
  A ball python (D:1)
  6 goblins
  A kobold (D:1)
  10 rats
43 creatures vanquished.

Notes
Turn   | Place    | Note
--------------------------------------------------------------
     0 | D:1      | Kenran, the Minotaur Monk, began the quest for the Orb.
     0 | D:1      | Reached XP level 1. HP: 19/19 MP: 1/1
   216 | D:1      | Reached XP level 2. HP: 26/26 MP: 1/1
   272 | D:1      | Reached skill level 5 in Unarmed Combat
   645 | D:1      | Reached XP level 3. HP: 31/31 MP: 2/2
   795 | D:2      | Noticed Ijyb
   806 | D:2      | Killed Ijyb
  1058 | D:2      | Found a white marble altar of Elyvilon.
  1118 | D:2      | Reached skill level 6 in Unarmed Combat
  1472 | D:2      | Reached XP level 4. HP: 36/39 MP: 2/2
  1538 | D:2      | Found a white marble altar of Elyvilon.
  1539 | D:2      | Found a sparkling altar of Nemelex Xobeh.
  1623 | D:2      | Found a radiant altar of Vehumet.
  1996 | D:3      | Noticed Grinder
  1996 | D:3      | Paralysed by Grinder for 7 turns
  2010 | D:3      | HP: 1/39 [Grinder/wand of magic darts (7)]
  2018 | D:3      | Slain by Grinder

Action                   |  1- 3 |  4- 6 || total
-------------------------+-------+-------++-------
Melee: Unarmed           |    91 |    24 ||   115
  Use: Scroll            |     7 |       ||     7
       Potion            |       |     1 ||     1
 Stab: Sleeping          |     1 |       ||     1
